 Dungeon Crawl Stone Soup version 0.24-a0-479-g9a978d2894 (webtiles) character file.

Game seed: 3043139682765492113

96 pk666 the Magician (level 4, -1/24 HPs)
             Began as a Deep Elf Wizard on July 8, 2019.
             Killed from afar by Robin (6 damage)
             ... with a puff of flame
             ... on level 2 of the Dungeon.
             The game lasted 00:04:23 (3423 turns).

pk666 the Magician (Deep Elf Wizard)                Turns: 3423, Time: 00:04:24

Health: -1/24      AC:  2    Str:  4    XL:     4   Next: 41%
Magic:  0/13       EV: 13    Int: 24    God:
Gold:   116        SH:  0    Dex: 13    Spells: 4/13 levels left

rFire    . . .     SeeInvis .   g - +0 dagger
rCold    . . .     Gourm    .   (no shield)
rNeg     . . .     Faith    .   p - +0 robe (curse)
rPois    .         Spirit   .   b - +0 hat
rElec    .         Reflect  .   (no cloak)
rCorr    .         Harm     .   (no gloves)
MR       .....                  (no boots)
Stlth    ++........             (no amulet)
HPRegen  0.08/turn              (no ring)
MPRegen  0.13/turn              (no ring)

@: very slightly contaminated
A: no striking features
a: no special abilities


You were on level 2 of the Dungeon.
You were not hungry.

You visited 1 branch of the dungeon, and saw 3 of its levels.

You collected 116 gold pieces.

Inventory:

Hand Weapons
 g - a +0 dagger (weapon)
Armour
 a - a +0 robe
 b - a +0 hat (worn)
 p - a cursed +0 robe (worn)
Jewellery
 k - a cursed ring of teleportation {unknown}
Scrolls
 c - 3 scrolls of enchant weapon {unknown}
 e - 3 scrolls of immolation {unknown}
 f - a scroll of magic mapping {unknown}
 h - 7 scrolls of identify {unknown}
 j - a scroll of teleportation {unknown}
 l - a scroll of random uselessness {unknown}
 m - a scroll of remove curse {unknown}
 o - a scroll of blinking {unknown}
 q - a scroll of enchant armour {unknown}
Potions
 i - a potion of curing
 n - a potion of lignification {unknown}
Comestibles
 d - 2 rations


   Skills:
 - Level 3.1 Dodging
 - Level 2.4 Stealth
 + Level 5.1 Spellcasting
 + Level 2.4 Conjurations
   Level 1.1 Summonings
 + Level 1.6 Translocations
 + Level 1.0 Fire Magic
 + Level 1.1 Air Magic
 + Level 0.9 Poison Magic


You had 4 spell levels left.
You knew the following spells:

 Your Spells              Type           Power        Failure   Level  Hunger
a - Magic Dart            Conj           ###.         3%          1    None
b - Blink                 Tloc           N/A          7%          2    None
c - Conjure Flame         Conj/Fire      ##......     13%         3    ##.....
d - Mephitic Cloud        Conj/Pois/Air  ##......     14%         3    ##.....

Your spell library contained the following spells:

 Spells                   Type           Power        Failure   Level  Hunger
 Call Imp                 Summ           ##......     9%          2    None
 Slow                     Hex            #.......     13%         2    None


Dungeon Overview and Level Annotations

Branches:
Dungeon (3/15)

Altars:
Fedhas

Annotations:
D:2 Robin, Terence


Message History

You hit Robin.
Robin is heavily wounded.
Robin hits you but does no damage.
You barely miss Robin.
Robin is heavily wounded.
Robin completely misses you.
You hit Robin.
Robin is severely wounded.
Robin hits you with a +0 short sword.
Casting: Magic Dart (safe; 3% risk of failure)
Confirm with . or Enter, or press ? or * to list all spells.
Aiming: Magic Dart (safe; 3% risk of failure)
Press: ? - help, Shift-Dir - straight line, f/p - Robin
Aim: Robin, wielding a +0 short sword, wearing a +0 animal skin, wearing a +1 helmet and carrying a wand of flame (15) (severely wounded)
The magic dart hits Robin.
Robin is severely wounded.
Robin hits you with a +0 short sword.
* * * LOW HITPOINT WARNING * * *
Robin zaps a wand.
The puff of flame hits you.
You die...

############# #...........#
#############.#########.#
###.....(...........# #.# ####
....................# #.# #...
###.................# #.####...
##'#+#####........# #.#......
####.#.#.......)@...#####.#......
.....#.#.##....>#...##....#......
####.#.#......g.###..............
.......#.)...........#....#......
.#.#.#.#.......###...#....#......
.#.#.#.#.......+.....#(...#......
##.#.#.#.......##....#<...#.....#
...#.#.#.......##....#...........
####.#.##.#######....#...........


You could see Robin.

Vanquished Creatures
  A crimson imp (D:3)
  2 worms (D:2)
  A dart slug (D:1)
  2 leopard geckos
  An orc (D:3)
  2 giant cockroaches
  3 hobgoblins
  7 jackals
  10 kobolds
  A quokka (D:2)
  2 ball pythons
  3 bats
  A frilled lizard (D:1)
  12 goblins
  3 rats
51 creatures vanquished.

Notes
Turn   | Place    | Note
-------+----------+-------------------------------------------
     0 | D:1      | pk666 the Deep Elf Wizard began the quest for the Orb.
     0 | D:1      | Reached XP level 1. HP: 10/10 MP: 7/7
   489 | D:1      | Reached XP level 2. HP: 15/15 MP: 4/9
  1763 | D:2      | Reached XP level 3. HP: 19/19 MP: 8/11
  1767 | D:2      | Learned a level 2 spell: Blink
  1771 | D:2      | Learned a level 3 spell: Conjure Flame
  1775 | D:2      | Learned a level 3 spell: Mephitic Cloud
  1804 | D:2      | Noticed Terence
  2072 | D:2      | Reached skill level 5 in Spellcasting
  2825 | D:3      | Found a blossoming altar of Fedhas.
  2887 | D:3      | Reached skill level 1 in Fire Magic
  2887 | D:3      | Reached XP level 4. HP: 23/24 MP: 1/13
  3402 | D:3      | Noticed Robin
  3403 | D:3      | Reached skill level 1 in Air Magic
  3423 | D:2      | Killed from afar by Robin

Levels and vault maps discovered:
D:1:      lightli_arrival_chessboard, layout_basic, minmay_tetromino_l2
D:2:      kb_forest_paths, layout_basic, uniq_terence
D:3:      layout_rooms, nicolae_overflow_crystal_walls,
          nemelex_xobeh_ov_fountains_minmay, first_ration, uniq_robin

Skill      XL: |  1  2  3  4 |
---------------+-------------+-----
Dodging        | 3 |  3.1
Conjurations   | 2 |  2.4
Spellcasting   | 5 |  5.1
Fire Magic     | 1 |  1.0
Air Magic      | 1 |  1.1
Stealth        | |  2.4
Summonings     | |  1.1
Translocations | |  1.6
Poison Magic   | |  0.9

Action                   |  1- 3 |  4- 6 || total
-------------------------+-------+-------++-------
Melee: Dagger            |     5 |     3 ||     8
 Cast: Magic Dart        |   110 |    26 ||   136
       Conjure Flame     |       |     2 ||     2
  Use: Potion            |       |     1 ||     1
  Eat: Chunk             |     5 |       ||     5
       Ration            |       |     1 ||     1
Armor: Robe              |     2 |     1 ||     3
Dodge: Dodged            |    13 |    10 ||    23

Table legend:
 A = Non-vault XP
 B = Vault XP
 C = Vault XP percentage of total XP
 D = Non-vault monster count
 E = Vault monster count
 F = Vault count percentage of total count
                 A         B        C        D         E       F
            +---------+---------+-------+---------+---------+-------
      Total |     114 |      24 |  17.4 |      39 |      12 |  23.5
            +---------+---------+-------+---------+---------+-------
        D:1 |      31 |       2 |   6.1 |      18 |       2 |  10.0
        D:2 |      17 |      15 |  46.9 |       9 |       6 |  40.0
        D:3 |      66 |       7 |   9.6 |      12 |       4 |  25.0
            +---------+---------+-------+---------+---------+-------
